 Dungeon Crawl Stone Soup version 0.30.0-16-gbe6223bb7e (webtiles) character file.

Game seed: 8975652947485399972

52 adeniro the Chopper (level 3, -3/33 HPs)
             Began as a Minotaur Fighter on May 20, 2023.
             Slain by a gnoll
             ... wielding a +0 whip
              (6 damage)
             ... on level 3 of the Dungeon.
             The game lasted 00:08:50 (720 turns).

adeniro the Chopper (Minotaur Fighter)               Turns: 720, Time: 00:08:50

Health: -3/33      AC:  7    Str: 22    XL:     3   Next: 60%
Magic:  0/2        EV:  9    Int:  5    God:
Gold:   96         SH:  4    Dex:  9    Spells: 2/2 levels left

rFire   . . .        a - +0 war axe
rCold   . . .        c - +0 buckler
rNeg    + . .        b - +0 scale mail
rPois   .            (helmet restricted)
rElec   .            (no cloak)
rCorr   .            (no gloves)
SInv    .            (no boots)
Will    .....        e - amulet of the Ego {Spirit +Blink rN+} Stlth
                     (no ring)
HPRegen 0.25/turn    (no ring)
MPRegen 0.08/turn

%: guardian spirit
@: no status effects
A: horns 2, retaliatory headbutt
a: Evoke Blink


You were on level 3 of the Dungeon.
You visited 1 branch of the dungeon, and saw 3 of its levels.

You collected 96 gold pieces.

Inventory:

Hand Weapons
 a - a +0 war axe (weapon)
Armour
 b - a +0 scale mail (worn)
 c - a +0 buckler (worn)
Jewellery
 e - the amulet of the Ego (around neck) {Spirit +Blink rN+}
   (You acquired it on level 1 of the Dungeon)

   [amulet of guardian spirit]

   It causes incoming damage to be divided between your reserves of health and
   magic.
   rN:        It protects you from negative energy.
   +Blink:    It lets you blink.
Scrolls
 g - a scroll of identify {unknown}
 i - a scroll of enchant armour {unknown}
Potions
 d - a potion of might
 f - a potion of lignification
 h - a potion of mutation {unknown}
 j - a potion of flight {unknown}


   Skills:
 - Level 3.9 Fighting
 * Level 4.1 Axes
 - Level 4.0 Armour
 - Level 3.9 Shields


You had 2 spell levels left.
You didn't know any spells.
Your spell library was empty.

Dungeon Overview and Level Annotations

Branches:
Dungeon (2/15)

Altars:


Innate Abilities, Weirdness & Mutations

You have a pair of horns on your head.
You reflexively headbutt those who attack you in melee.


Message History

You closely miss the kobold. The kobold hits you but does no damage.
You barely miss the kobold. The kobold barely misses you.
You closely miss the kobold. The kobold hits you but does no damage.
You block the kobold's attack.
You slash the kobold!
You kill the kobold!
Things that are here:
a +0 dagger; 4 stones; a kobold corpse You open the door.
A gnoll comes into view. It is wielding a +0 flail.
Found the Unrestrained Analects.
The gnoll shouts!
There is an open door here.
A hobgoblin comes into view.
The hobgoblin shouts!
A dart slug and a gnoll come into view.
The gnoll hits you with a +0 flail!
Something unseen opens the door.
You hit the gnoll. Your headbutt misses the gnoll.
The gnoll is heavily wounded.
The gnoll hits you with a +0 flail.
A gnoll comes into view. It is wielding a +0 whip.
You closely miss the gnoll.
The gnoll is heavily wounded.
The gnoll shouts!
The gnoll hits you with a +0 flail. The gnoll hits you with a +0 flail!
You block the hobgoblin's attack.
The gnoll drinks a potion.
The gnoll seems to speed up.
The gnoll hits you with a +0 flail!
* * * LOW HITPOINT WARNING * * *
You slash the gnoll!
You kill the gnoll!
Your Axes skill increases to level 4!
You slash the hobgoblin!
You kill the hobgoblin!
Found 14 gold pieces.
The gnoll attacks as you move away! The gnoll hits you with a +0 whip.
* * * LOW HITPOINT WARNING * * *
The gnoll hits you but does no damage. The gnoll attacks as you move away!
The gnoll hits you with a +0 whip.
You die...

#. #.### ##...#
.####..#.###
...w.g.....#
'########)g#
#........#.##
#.#.+####'.#g.######
#.#.#....#.#@......#
#.#.#.##.#)#.#.###.#
#.#.#.##.#†#.#:#
###.#.#....#.#.#.#
...#.'####'.#.. #
##.#........#.#
#..'########+$.
#.......... ..#
#..##..####


You could see 2 gnolls.

Vanquished Creatures
  2 gnolls
  An adder (D:3)
  2 bats (D:1)
  2 endoplasms (D:1)
  A giant cockroach (D:1)
  2 hobgoblins
  2 jackals (D:1)
  A quokka (D:1)
  4 ball pythons
  3 frilled lizards (D:1)
  3 kobolds
  A rat (D:1)
24 creatures vanquished.

Notes
Turn   | Place    | Note
-------+----------+-------------------------------------------
     0 | D:1      | adeniro the Minotaur Fighter began the quest for the Orb.
     0 | D:1      | Reached XP level 1. HP: 19/19 MP: 0/0
   171 | D:1      | Reached XP level 2. HP: 27/27 MP: 1/1
   182 | D:1      | Found a faded altar of an unknown god.
   470 | D:1      | Reached XP level 3. HP: 32/33 MP: 2/2
   623 | D:1      | Identified a scroll of acquirement
   623 | D:1      | Acquired the amulet of the Ego {Spirit +Blink rN+}
   668 | D:2      | You fall into a shaft and drop 1 floor!
   720 | D:3      | Slain by a gnoll

Illustrated notes

Levels and vault maps discovered:
D:1:      dpeg_arrival_leaves_temple_mockup, layout_loops_ring,
          shapermc_ecumenical_altar_mp_ritualfount
D:2:      layout_loops_cross
D:3:      layout_basic, minmay_overflow_temple_star_quad,
          gammafunk_ghost_mausoleum, minivault_11

Skill      XL: |  1  2  3 |
---------------+----------+-----
Armour         | 4 |  4.0
Axes           | 3 4 |  4.1
Fighting       | |  3.9
Shields        | |  3.9

Action                     || total
---------------------------++-------
  Melee: War axe           ||    50
         Headbutt          ||     6
    Use: Potion            ||     1
         Scroll            ||     1
 Armour: Scale mail        ||    25
  Dodge: Dodged            ||    31
  Block: Buckler           ||    15
